 Dungeon Crawl Stone Soup version 0.25-a0-577-ga4619f4 (webtiles) character file.

Game seed: 15428456986008242089, levelgen mode: deterministic

1725 Faels the Vandal (level 9, 0/55 HPs)
             Began as a Kobold Air Elementalist on Mar 1, 2020.
             Killed from afar by Maggie (17 damage)
             ... with a bolt of fire
             ... on level 6 of the Dungeon on Mar 2, 2020.
             The game lasted 00:34:15 (7360 turns).

Faels the Vandal (Kobold Air Elementalist)          Turns: 7360, Time: 00:34:15

Health: 0/55       AC:  9    Str:  5    XL:     9   Next: 25%
Magic:  13/13      EV: 15    Int: 23    God:
Gold:   269        SH:  0    Dex: 17    Spells: 3/13 levels left

rFire    . . .     SeeInvis +   J - +2 whip (elec)
rCold    + . .     Gourm    .   (shield restricted)
rNeg     + . .     Faith    .   L - +3 leather armour {rC+}
rPois    .         Spirit   .   C - +2 helmet {SInv}
rElec    .         Reflect  .   (no cloak)
rCorr    .         Harm     .   (no gloves)
MR       .....                  (no boots)
Stlth    +++.......             f - amulet of magic regeneration
HPRegen  0.18/turn              q - ring of positive energy
MPRegen  0.38/turn              y - +5 ring of intelligence

@: mesmerised
A: small, carnivore
a: no special abilities


You were on level 6 of the Dungeon.
You were very full.

You visited 2 branches of the dungeon, and saw 7 of its levels.

You collected 269 gold pieces.

Inventory:

Hand Weapons
 d - a +3 dagger
 r - a cursed +0 flail
 s - a +0 dagger of venom
 D - a +1 hunting sling of freezing
 J - a +2 whip of electrocution (weapon)
Missiles
 e - 4 curare-tipped darts
 j - 5 boomerangs (quivered)
 l - 103 sling bullets
Armour
 a - a +0 robe
 C - a +2 helmet of see invisible (worn)
 L - a +3 leather armour of cold resistance (worn)
Jewellery
 b - an uncursed ring of fire
 f - an amulet of magic regeneration (around neck)
 q - a ring of positive energy (left hand)
 y - a +5 ring of intelligence (right hand)
Wands
 B - a wand of random effects (18)
 K - a wand of enslavement (3)
Scrolls
 h - 2 scrolls of enchant armour
 m - a scroll of random uselessness {unknown}
 p - a scroll of remove curse {unknown}
 t - 2 scrolls of immolation
 w - a scroll of enchant weapon {unknown}
 x - a scroll of magic mapping {unknown}
 E - a scroll of teleportation
 G - a scroll of fear {unknown}
Potions
 g - a potion of lignification
 i - a potion of resistance {unknown}
 k - 3 potions of curing
 n - 3 potions of might
 o - 2 potions of mutation {unknown}
 u - 3 potions of stabbing {unknown}
 z - a potion of brilliance {unknown}
 A - a potion of invisibility {unknown}
 H - 2 potions of cancellation {unknown}
 I - a potion of haste {unknown}
Comestibles
 c - 12 rations


   Skills:
 + Level 5.9 Fighting
 - Level 3.5 Short Blades
 * Level 3.5 Maces & Flails
 - Level 6.0 Slings
 - Level 3.1 Dodging
 - Level 4.0 Stealth
 - Level 2.7 Spellcasting
 - Level 3.3 Conjurations
 - Level 2.1 Charms
 - Level 3.0 Air Magic


You had 3 spell levels left.
You knew the following spells:

 Your Spells              Type           Power        Failure   Level  Hunger
a - Shock                 Conj/Air       ###.         5%          1    None
b - Swiftness             Chrm/Air       ##......     11%         2    ##.....
c - Static Discharge      Conj/Air       ###.....     16%         3    ###....
d - Airstrike             Air            ###.......   50%         4    ####...

Your spell library contained the following spells:

 Spells                   Type           Power        Failure   Level  Hunger
 Lightning Bolt           Conj/Air       ###.......   83%         5    ######.


Dungeon Overview and Level Annotations

Branches:
Dungeon (6/15)             Temple (1/1) D:5

Altars:
Ashenzari
Cheibriados
Dithmenos
Elyvilon
Fedhas
Hepliaklqana
Kikubaaqudgha
Makhleb
Qazlal
Ru
Sif Muna
Vehumet
Xom
Zin
The Shining One
Lugonu

Annotations:
D:2 exclusion: oklob plant
D:6 Maggie


Innate Abilities, Weirdness & Mutations

You are small and have problems with some larger weapons.
You are carnivorous and can eat meat at any time.


Message History

You hit Maggie but do no damage. Lightning courses through Maggie!!
Maggie is severely wounded.
Maggie says, "Fear not.
I will immortalize you in the tale of my first kill."
Maggie misses you.
You barely miss Maggie.
Maggie is severely wounded.
Maggie hits you with a +2 vorpal morningstar.
You hit Maggie.
Maggie is severely wounded.
Maggie casts a spell at you. The bolt of fire hits you!
You closely miss Maggie.
Maggie is severely wounded.
Maggie gestures at you while chanting. The bolt of fire hits you!
You hit Maggie. Lightning courses through Maggie!
Maggie is almost dead.
Maggie points at you and mumbles some strange words.
The bolt of fire hits you!
You die...

# #.# .# #. #.# .#
#.##.##.####.#
#.........@..#####
###).<..........##
####.###........ #.#
#.####.## #@###.# #
#.@...# .# .# ####..#
.####.##. #..#
##.........
#..###.... .<...
#..##...####.#.#
#..............#
######.##...##......
............####..<.#
#######...........#.^


You could see Maggie.

Vanquished Creatures
  Pikel (D:5)
  Grinder (D:4)
  Sigmund (D:2)
  Duvessa (D:5)
  An orc warrior (D:4)
  A centaur (D:5)
  Blork the orc (D:5)
  Dowan (D:5)
  A scorpion (D:4)
  A howler monkey (D:3)
  A crimson imp (D:5)
  An orc priest (D:4)
  2 hounds
  An iguana (D:3)
  Ijyb (D:5)
  An orc wizard (D:4)
  A worker ant (D:5)
  A hound skeleton (D:4)
  Robin (D:3)
  6 adders
  A shadow imp (D:5)
  2 oozes (D:1)
  A dart slug (D:3)
  5 leopard geckos
  7 orcs
  2 bat zombies (D:3)
  7 giant cockroaches
  14 goblins
  9 hobgoblins
  2 jackals (D:1)
  9 kobolds
  A ball python (D:3)
  13 bats
  6 frilled lizards
  A leopard gecko skeleton (D:4)
  3 rats
  A rat zombie (D:3)
110 creatures vanquished.

Vanquished Creatures (others)
  2 slaves (D:5)
  A human (D:3)
  A gnoll shaman (D:5)
  An iguana (D:5)
  A worker ant (D:5)
  3 gnolls (D:5)
  A giant cockroach zombie (D:5)
10 creatures vanquished.

Grand Total: 120 creatures vanquished

Notes
Turn   | Place    | Note
-------+----------+-------------------------------------------
     0 | D:1      | Faels the Kobold Air Elementalist began the quest for the
                  | Orb.
     0 | D:1      | Reached XP level 1. HP: 10/10 MP: 3/3
   146 | D:1      | Reached XP level 2. HP: 5/16 MP: 0/5
   725 | D:1      | Reached skill level 1 in Short Blades
   863 | D:1      | Learned a level 2 spell: Swiftness
   951 | D:1      | Reached XP level 3. HP: 19/20 MP: 6/6
   989 | D:1      | Reached skill level 1 in Fighting
  2077 | D:2      | Reached XP level 4. HP: 25/25 MP: 5/8
  2890 | D:2      | Found a blossoming altar of Fedhas.
  2919 | D:2      | Noticed Sigmund
  3276 | D:2      | Noticed an oklob plant
  3391 | D:2      | Killed Sigmund
  3391 | D:2      | Reached skill level 2 in Slings
  3391 | D:2      | Reached XP level 5. HP: 17/31 MP: 6/9
  3391 | D:2      | Reached XP level 6. HP: 20/36 MP: 6/10
  3612 | D:3      | Found a hazy altar of Hepliaklqana.
  3753 | D:3      | Reached skill level 3 in Slings
  4191 | D:3      | Found an ancient bone altar of Kikubaaqudgha.
  4191 | D:3      | Noticed a human
  4195 | D:3      | Killed a human
  4306 | D:3      | Learned a level 3 spell: Static Discharge
  4385 | D:3      | Found an ancient bone altar of Kikubaaqudgha.
  4446 | D:3      | Found a shimmering altar of Xom.
  4472 | D:3      | Noticed Robin
  4473 | D:3      | Killed Robin
  4906 | D:3      | Reached XP level 7. HP: 41/41 MP: 11/11
  5369 | D:4      | Reached skill level 4 in Slings
  5461 | D:4      | Learned a level 4 spell: Airstrike
  5722 | D:4      | Noticed Grinder
  5727 | D:4      | Paralysed by Grinder for 6 turns
  5736 | D:4      | Killed Grinder
  5736 | D:4      | Reached skill level 5 in Slings
  5736 | D:4      | Reached skill level 1 in Charms
  5736 | D:4      | Reached XP level 8. HP: 22/48 MP: 12/12
  5982 | D:5      | Entered Level 5 of the Dungeon
  5984 | D:5      | Noticed Pikel
  5991 | D:5      | Killed Pikel
  5991 | D:5      | Reached skill level 6 in Slings
  6029 | D:5      | Noticed Blork the orc
  6037 | D:5      | Killed Blork the orc
  6037 | D:5      | Reached skill level 5 in Fighting
  6037 | D:5      | Reached skill level 1 in Maces & Flails
  6066 | D:5      | Noticed Ijyb
  6364 | D:5      | Reached XP level 9. HP: 30/54 MP: 13/13
  6585 | D:5      | Found a stormy altar of Qazlal.
  6590 | D:5      | Killed Ijyb
  6634 | D:5      | Found a white marble altar of Elyvilon.
  6634 | D:5      | Found a glowing silver altar of Zin.
  6659 | D:5      | Noticed Dowan
  6665 | D:5      | Noticed Duvessa
  6666 | D:5      | Killed Dowan
  6673 | D:5      | Found a staircase to the Ecumenical Temple.
  6680 | Temple   | Entered the Ecumenical Temple
  6950 | D:5      | Killed Duvessa
  7129 | D:5      | Found a glowing golden altar of the Shining One.
  7334 | D:6      | Noticed Maggie
  7360 | D:6      | Killed from afar by Maggie

Levels and vault maps discovered:
D:1:      dpeg_arrival_houses_and_road, layout_rooms, minmay_pentomino_q4
D:2:      layout_loops_ring, minmay_misc_feat_five, tgw_fedhas, uniq_sigmund
D:3:      layout_rooms, lemuel_crystal_altar, lemuel_zombie_altar_kikubaaqudgha,
          lemuel_doored_altar, tgw_kikubaaqudgha, uniq_robin
D:4:      layout_rooms, first_ration, uniq_grinder
D:5:      minmay_recursive_quarters, layout_basic, good_gods_mini_temple,
          old_standard_altar, minmay_temple_entry_trees, uniq_duvessa,
          uniq_pikel, uniq_ijyb, uniq_blork_the_orc
D:6:      layout_loops_ring, uniq_eustachio, uniq_maggie
Temple:   corrupted_temple

Skill      XL: |  1  2  3  4  5  6  7  8  9 |
---------------+----------------------------+-----
Short Blades   | 1 3 |  3.5
Fighting       | 1 2 3 4 5 |  5.9
Dodging        | 3 |  3.1
Slings         | 2 3 5 6 |  6.0
Stealth        | 3 4 |  4.0
Conjurations   | 2 3 |  3.3
Charms         | 1 2 |  2.1
Maces & Flails | 2 3 |  3.5
Spellcasting   | |  2.7
Air Magic      | |  3.0

Action                   |  1- 3 |  4- 6 |  7- 9 || total
-------------------------+-------+-------+-------++-------
Melee: Short sword       |     9 |       |       ||     9
       Dagger            |    89 |   118 |    66 ||   273
       Whip              |       |       |    71 ||    71
 Fire: Hunting sling     |       |    59 |     9 ||    68
Throw: Boomerang         |       |       |     7 ||     7
       Dart              |       |       |     2 ||     2
 Cast: Shock             |    38 |    28 |    19 ||    85
       Swiftness         |       |     3 |     1 ||     4
Evoke: Wand              |       |     1 |    12 ||    13
  Use: Potion            |     2 |       |       ||     2
       Scroll            |       |     6 |     4 ||    10
 Stab: Sleeping          |       |     2 |     4 ||     6
       Distracted        |       |       |     1 ||     1
  Eat: Chunk             |    12 |    10 |     7 ||    29
Armor: Robe              |    28 |    26 |    12 ||    66
       Skin              |     4 |       |       ||     4
       Leather armour    |       |       |     3 ||     3
Dodge: Dodged            |   141 |   125 |   114 ||   380

Table legend:
 A = Non-vault XP
 B = Vault XP
 C = Vault XP percentage of total XP
 D = Non-vault monster count
 E = Vault monster count
 F = Vault count percentage of total count
                 A         B        C        D         E       F
            +---------+---------+-------+---------+---------+-------
      Total |     654 |    1811 |  73.5 |      83 |      27 |  24.5
            +---------+---------+-------+---------+---------+-------
        D:1 |      66 |       2 |   2.9 |      25 |       2 |   7.4
        D:2 |      34 |     229 |  87.1 |      14 |       2 |  12.5
        D:3 |     168 |      36 |  17.6 |      24 |      13 |  35.1
        D:4 |     309 |     281 |  47.6 |      12 |       1 |   7.7
        D:5 |      37 |    1263 |  97.2 |       7 |       9 |  56.2
        D:6 |      40 |       0 |   0.0 |       1 |       0 |   0.0
            +---------+---------+-------+---------+---------+-------
